 Dungeon Crawl Stone Soup version 0.28-a0-779-g3d1f99b579 (webtiles) character file.

Game seed: 1479983903251167422

1753 kae the Cleaver (level 9, 0/79 HPs)
             Began as a Hill Orc Cinder Acolyte on Nov 2, 2021.
             Was a High Priest of Ignis.
             Slain by an orc (3 damage)
             ... on level 7 of the Dungeon.
             The game lasted 00:04:53 (8939 turns).

kae the Cleaver (Hill Orc Cinder Acolyte)           Turns: 8939, Time: 00:04:54

Health: 0/79       AC:  7    Str: 20    XL:     9   Next: 6%
Magic:  7/14       EV: 11    Int: 14    God:    Ignis [*****.]
Gold:   250        SH:  0    Dex:  6    Spells: 13/15 levels left

rFire   + . .      SeeInvis .   a - -1 hand axe (flame)
rCold   . . .      Faith    .   (no shield)
rNeg    . . .      Spirit   .   b - +0 robe
rPois   .          Reflect  .   (no helmet)
rElec   .          Harm     .   (no cloak)
rCorr   .          Rampage  .   c - +1 pair of gloves
Will    .....                   m - +2 pair of boots
Stlth   +.........              (no amulet)
HPRegen 0.23/turn               (no ring)
MPRegen 0.14/turn               (no ring)

@: no status effects
A: no striking features
a: Renounce Religion, Sea of Fire, Foxfire Swarm, Rising Flame


You were on level 7 of the Dungeon.
You worshipped Ignis.
Ignis was extremely pleased with you.
You visited 1 branch of the dungeon, and saw 7 of its levels.

You collected 327 gold pieces.
You spent 77 gold pieces at shops.

Inventory:

Hand Weapons
 a - a -1 hand axe of flaming (weapon)
Armour
 b - a +0 robe (worn)
 c - a +1 pair of gloves (worn)
 m - a +2 pair of boots (worn)
Jewellery
 l - an amulet of guardian spirit
Wands
 d - a wand of digging (6)
 f - a wand of paralysis (7)
Scrolls
 e - 3 scrolls of noise
 j - 4 scrolls of teleportation
 n - a scroll of immolation {unknown}
 o - a scroll of fear
Potions
 g - 4 potions of curing
 h - a potion of might
 i - a potion of ambrosia
 k - a potion of heal wounds
 p - a potion of cancellation {unknown}
 s - a potion of flight {unknown}


   Skills:
 + Level 7.0 Fighting
 * Level 10.1 Axes
 + Level 3.8 Spellcasting
 + Level 6.4 Fire Magic
 + Level 1.1 Evocations


You had 13 spell levels left.
You knew the following spells:

 Your Spells              Type           Power      Damage    Failure   Level
a - Scorch                Fire           40%        2d7       2%          2

Your spell library contained the following spells:

 Spells                   Type           Power      Damage    Failure   Level
 Static Discharge         Conj/Air       2%         N/A       30%         2
 Sticky Flame             Conj/Fire      11%        2d3       45%         4
 Call Canine Familiar     Summ           2%         N/A       52%         3
 Portal Projectile        Hex/Tloc       4%         N/A       52%         3
 Dispel Undead            Necr           2%         3d7       89%         4
 Leda's Liquefaction      Hex/Erth       1%         N/A       89%         4


Dungeon Overview and Level Annotations

Branches:
Dungeon (7/15)             Temple (0/1) D:5

Altars:
Makhleb

Shops:
D:2 ?   D:4 ?

Annotations:
D:6 1 runed translucent door, Crazy Yiuf


Message History

Flames lash the orc.
The orc is severely wounded.
The orc's fire resistance burns away.
The orc hits you from afar with a +2 vampiric trident!
The orc draws strength from your wounds!
The orc barely misses you.
The orc warrior drinks a potion.
The orc warrior seems to grow stronger.
Casting: Scorch (safe; 2% risk of failure)
Confirm with . or Enter, or press ? or * to list all spells.
Flames lash the orc warrior.
The orc warrior is lightly wounded.
The orc warrior's fire resistance burns away.
The orc misses you.
The orc warrior hits you from afar with a +0 trident!!
The orc closely misses you. The orc warrior closely misses you.
Casting: Scorch (safe; 2% risk of failure)
Confirm with . or Enter, or press ? or * to list all spells.
Flames lash the black bear.
The black bear is moderately wounded.
The black bear's fire resistance burns away.
The orc is no longer more vulnerable to fire.
The orc closely misses you.
The black bear bites you but does no damage.
The black bear claws you. The black bear completely misses you.
The orc warrior hits you from afar with a +0 trident.
The orc warrior is no longer more vulnerable to fire.
The orc closely misses you. The black bear bites you.
The black bear claws you. x2
The orc warrior closely misses you.
Casting: Scorch (safe; 2% risk of failure)
Confirm with . or Enter, or press ? or * to list all spells.
Flames lash the orc warrior but do no damage.
The orc hits you from afar with a +2 vampiric trident.
The orc draws strength from your wounds!
The black bear barely misses you. The black bear closely misses you.
The black bear claws you.
* * * LOW HITPOINT WARNING * * *
The orc warrior hits you from afar with a +0 trident!!
* * * LOW HITPOINT WARNING * * *
The orc hits you from afar with a +2 vampiric trident.
You die...

#..[## ###....## .##
###..## ###..##
..######...## #...#
...........# ##...##
##.......#..## ##.....##
...####.....## #.......#
#..# #..##...# #
#....##... ## #..#
#..##...#.# #...# ##..
#§##§.# ##..##.@..# #..##
##.
#§...#####.##.h........ ##
# ##..#.>.######o.o..... #
.##...##...##. ........# #
#......##.#............# #
..#....#..............#.
##
#.#...#................#
#.
#.....##................##
##. ....g(...........
....### #..


You could see an orc warrior (strong), a black bear (combustible) and an orc.

Vanquished Creatures
  Prince Ribbit (D:5)
  Sigmund (D:4)
  Edmund (D:4)
  An orc warrior (D:6)
  An ice beast (D:6)
  A centaur (D:6)
  2 phantoms
  A kobold brigand (D:7)
  Blork the orc (D:6)
  A water moccasin zombie (D:6)
  2 water moccasin skeletons
  2 jellies
  2 bullfrog skeletons (D:6)
  A gnoll shaman (D:6)
  An orc priest (D:6)
  2 hounds
  3 orc wizards
  A killer bee zombie (D:6)
  A hound skeleton (D:4)
  A howler monkey zombie (D:5)
  3 adders
  9 gnolls (D:6)
  3 ufetubi
  An adder skeleton (D:5)
  3 worms
  14 orcs
  3 endoplasms
  4 giant cockroaches
  6 goblins
  10 hobgoblins
  6 jackals
  3 quokkas
  6 ball pythons
  6 bats
  7 frilled lizards
  8 kobolds
  3 rats
122 creatures vanquished.

Notes
Turn   | Place    | Note
-------+----------+-------------------------------------------
     0 | D:1      | kae the Hill Orc Cinder Acolyte began the quest for the
                  | Orb.
     0 | D:1      | Reached XP level 1. HP: 19/19 MP: 2/2
   584 | D:1      | Reached XP level 2. HP: 27/27 MP: 3/3
   587 | D:1      | Learned a level 2 spell: Scorch
  1288 | D:2      | Found Konuc's Magic Scroll Boutique.
  1377 | D:2      | Bought a scroll of identify for 22 gold pieces
  1377 | D:2      | Bought a scroll of identify for 22 gold pieces
  1450 | D:2      | Reached XP level 3. HP: 32/33 MP: 4/4
  2656 | D:3      | Reached skill level 5 in Axes
  2874 | D:3      | Reached XP level 4. HP: 40/40 MP: 6/6
  3542 | D:3      | Reached XP level 5. HP: 41/47 MP: 0/7
  3974 | D:2      | Bought a scroll of teleportation for 33 gold pieces
  4000 | D:4      | Found Ruakay's Magic Scroll Boutique.
  4171 | D:4      | Noticed Edmund
  4201 | D:4      | Killed Edmund
  4202 | D:4      | Reached skill level 6 in Axes
  4202 | D:4      | Reached XP level 6. HP: 21/55 MP: 1/9
  4507 | D:4      | Noticed Sigmund
  4525 | D:4      | Killed Sigmund
  4526 | D:4      | Reached skill level 5 in Fighting
  4696 | D:4      | Reached skill level 7 in Axes
  4794 | D:4      | Reached XP level 7. HP: 54/61 MP: 2/10
  5341 | D:5      | Entered Level 5 of the Dungeon
  5360 | D:5      | Found a staircase to the Ecumenical Temple.
  5797 | D:5      | Reached skill level 5 in Fire Magic
  5880 | D:5      | Noticed Prince Ribbit
  5907 | D:5      | Killed Prince Ribbit
  6229 | D:5      | Reached skill level 8 in Axes
  6685 | D:6      | Reached XP level 8. HP: 70/70 MP: 0/12
  6978 | D:6      | HP: 3/70 [water moccasin skeleton (1)]
  7310 | D:6      | Found a burning altar of Makhleb.
  7372 | D:6      | Noticed Blork the orc
  7379 | D:6      | Killed Blork the orc
  7380 | D:6      | Reached skill level 9 in Axes
  8088 | D:6      | Found a runed translucent door.
  8089 | D:6      | Noticed Crazy Yiuf
  8432 | D:6      | Reached XP level 9. HP: 71/78 MP: 9/14
  8477 | D:6      | Reached skill level 10 in Axes
  8767 | D:7      | Reached skill level 1 in Evocations
  8938 | D:7      | HP: 3/79 [orc warrior (20)]
  8939 | D:7      | Slain by an orc

Illustrated notes

Levels and vault maps discovered:
D:1:      ncdulo_smallfort, layout_loops_corners, minmay_misc_feat_alley
D:2:      layout_basic, serial_shops, shop_scrolls
D:3:      minmay_wonky_spiral, layout_loops_corners
D:4:      layout_basic, serial_shops, nicolae_stop_n_shop_1,
          cheibrodos_sewer_entry_sluice, minivault_5,
          minmay_misc_feat_four_crosses, serial_bayou_pond_e, uniq_edmund,
          uniq_sigmund
D:5:      layout_loops_ring, minmay_temple_entry_glassed_door,
          uniq_prince_ribbit1
D:6:      layout_basic, mainiacjoe_overflow_cross_hatched, uniq_blork_the_orc,
          uniq_crazy_yiuf_cottage
D:7:      layout_layer_cave, trog_hazing_becter

Skill      XL: |  1  2  3  4  5  6  7  8  9 |
---------------+----------------------------+-----
Fighting       | 4 5 6 7 |  7.0
Axes           | 5 6 7 8 9 10 | 10.1
Fire Magic     | 4 5 6 |  6.4
Spellcasting   | 2 3 |  3.8
Evocations     | 1 |  1.1

Action                   |  1- 3 |  4- 6 |  7- 9 || total
-------------------------+-------+-------+-------++-------
Melee: Hand axe          |   122 |    55 |   150 ||   327
 Cast: Scorch            |     6 |    28 |    80 ||   114
Evoke: Wand              |       |       |     1 ||     1
  Use: Scroll            |     4 |     4 |     6 ||    14
       Potion            |       |     2 |     4 ||     6
 Stab: Paralysed         |       |       |     5 ||     5
       Invisible         |       |       |     4 ||     4
Armor: Robe              |    35 |    25 |    77 ||   137
Dodge: Dodged            |    97 |    55 |   145 ||   297

Table legend: (Time is in decaauts)
 A = Elapsed time spent in this place.
 B = Non-inter-level travel time spent in this place.
 C = Inter-level travel time spent in this place.
 D = Time resting spent in this place.
 E = Time spent auto-exploring this place.
 F = Levels seen in this place.
 G = Mean time per level.
                   A        B        C        D        E       F      G
               +--------+--------+--------+--------+--------+-----+--------+
         Total |   8942 |   8594 |    348 |   1193 |   6300 |   7 | 1277.4 |
       Dungeon |   8942 |   8594 |    348 |   1193 |   6300 |   7 | 1277.4 |
               +--------+--------+--------+--------+--------+-----+--------+

Top non-repeatable levels by time:
     D:6: 2001 daAuts
     D:3: 1445 daAuts
     D:1: 1356 daAuts
     D:4: 1348 daAuts
     D:5: 1228 daAuts
     D:2: 1210 daAuts
     D:7: 351 daAuts
